 Dungeon Crawl Stone Soup version 0.29-a0-330-g52719c12eb (webtiles) character file.

Game seed: 16543640888788233721

5665 sammy202020 the Fighter (level 10, 0/68 HPs)
             Began as a Gargoyle Berserker on Apr 12, 2022.
             Was an Elder of Trog.
             Killed from afar by Maurice (33 damage)
             ... with a bolt of acid
             ... on level 8 of the Dungeon.
             The game lasted 00:17:09 (6699 turns).

sammy202020 the Fighter (Gargoyle Berserker)        Turns: 6699, Time: 00:17:10

Health: 0/68       AC: 22    Str: 27    XL:     10   Next: 75%
Magic:  10/10      EV:  7    Int: 11    God:    Trog [****..]
Gold:   126        SH:  5    Dex: 11    Spells: 9/9 levels left

rFire   + . .      SeeInvis +   I - +1 morningstar (flame)
rCold   x . .      Faith    .   m - +0 buckler
rNeg    + . .      Spirit   .   b - +1 plate armour
rPois   ∞          Reflect  .   (no helmet)
rElec   +          Harm     .   x - +0 cloak
rCorr   .          Rampage  .   (no gloves)
Will    ++...                   (no boots)
Stlth   ..........              n - amulet of regeneration
HPRegen 1.01/turn               y - ring of see invisible
MPRegen 0.12/turn               C - ring "Fymousim" {Fire Will++ Str+7 Slay+2}

@: on berserk cooldown, slowed, very slow
A: sickness immunity, AC +7, negative energy resistance 1, electricity
resistance, torment resistance 1, petrification resistance
a: Renounce Religion, Berserk, Trog's Hand, Brothers in Arms


You were on level 8 of the Dungeon.
You worshipped Trog.
Trog was greatly pleased with you.
You visited 1 branch of the dungeon, and saw 8 of its levels.

You collected 333 gold pieces.
You spent 207 gold pieces at shops.

Inventory:

Hand Weapons
 e - a +2 hunting sling of flaming
 o - a +1 vorpal flail
 I - a +1 morningstar of flaming (weapon)
Missiles
 d - 18 poisoned darts (quivered)
Armour
 b - a +1 plate armour (worn)
 m - a +0 buckler (worn)
 x - a +0 cloak (worn)
Jewellery
 n - an amulet of regeneration (around neck)
 t - a ring of fire
 y - a ring of see invisible (left hand)
 C - the ring "Fymousim" (right hand) {Fire Will++ Str+7 Slay+2}
   (You found it on level 7 of the Dungeon)

   [ring of fire]

   It enhances your fire magic.
   Str:       It affects your strength (+7).
   Slay:      It affects your accuracy & damage with ranged weapons and melee
   (+2).
   rF:        It protects you from fire.
   rC:        It makes you vulnerable to cold.
   Will:      It greatly increases your willpower.
Wands
 g - a wand of acid (15)
 z - a wand of flame (7)
Scrolls
 l - 3 scrolls of teleportation
 u - 2 scrolls of blinking
 A - a scroll of summoning
 D - a scroll of identify
 E - a scroll of magic mapping
 F - a scroll of immolation {unknown}
 G - a scroll of enchant weapon
 H - a scroll of amnesia {unknown}
 J - a scroll of acquirement {unknown}
Potions
 a - 2 potions of haste
 c - 2 potions of mutation
 f - 3 potions of cancellation
 h - a potion of might
 i - a potion of brilliance {unknown}
 j - 4 potions of resistance
 k - 2 potions of curing
 p - 2 potions of attraction {unknown}
 r - a potion of flight {unknown}
 s - a potion of lignification
 v - a potion of magic
 w - a potion of heal wounds {unknown}
 B - a potion of invisibility {unknown}


   Skills:
 * Level 10.6 Fighting
 * Level 9.8 Maces & Flails
 + Level 7.4 Armour
 - Level 1.5 Dodging
 + Level 6.6 Shields


You had 9 spell levels left.
You didn't know any spells.
Your spell library was empty.

Dungeon Overview and Level Annotations

Branches:
Dungeon (8/15)             Temple (0/1) D:6
   Lair: D:8-11

Altars:
Cheibriados
Dithmenos
Fedhas
Hepliaklqana
Trog
Zin

Shops:
D:1 (:[?*   D:2 !   D:3 *

Annotations:
D:8 Maurice


Innate Abilities, Weirdness & Mutations

You are immune to sickness and miasma.
Your stone body is resilient. (AC +7)
You are immune to poison.
You resist negative energy. (rN+)
You are resistant to electric shocks. (rElec)
You are resistant to unholy torment.
You are immune to petrification.


Message History

The yak gores you but does no damage.
Maurice looks sneaky.
You block Maurice's attack. The yak gores you. Maurice closely misses you.
Maurice blocks your attack.
Maurice is almost dead.
The yak gores you. Maurice hits you but does no damage.
The yak closely misses you.
Maurice mumbles some strange words.
Maurice blinks!
The yak attacks as you move away! The yak gores you but does no damage.
Maurice casts a spell.
Maurice puts on a burst of speed!
Maurice casts a spell.
Maurice blinks!
The yak gores you.
You are no longer corroded.
Maurice says, "Very interesting."
Maurice hits you but does no damage. Maurice blocks your attack.
Maurice is almost dead.
You block the yak's attack. Maurice hits you with a +0 dagger.
Maurice steals 1 of your 2 potions of magic!
The yak gores you! Maurice barely misses you. Maurice blocks your attack.
Maurice is almost dead.
Maurice looks sneaky.
Maurice gestures wildly while chanting.
Maurice blinks!
You block the yak's attack.
You puncture the yak! You burn the yak.
The yak is moderately wounded.
The yak completely misses you.
Maurice mumbles some strange words.
Maurice blinks!
You block the yak's attack.
You impale the yak!! You burn the yak.
You kill the yak!
Trog accepts your kill. Maurice barely misses you. x2
Maurice blocks your attack.
Maurice is almost dead.
Maurice zaps a wand.
The bolt of acid hits you!!
You die...

#....#..###..##...# #.......
#........#...#....######.......
#................[.#..#........
#.#...........#<..#...[.......
#...#.......##..#...........
##..#.......#...##..........
##..........#..)#...........
#...............)....#.......
#...........@...##.###..##.##
#...........†@.##..###.....#.
###.............##........##.
##.......†##...........####.
#.......#.##......##...##...
........#..#.....###...##.#.
........##............###'##
.........#............# ≈.≈
......................#≈#.#≈


You could see Maurice (swift).

Vanquished Creatures
  A two-headed ogre (D:8)
  Pikel (D:4)
  Maggie (D:8)
  Psyche (D:8)
  A wyvern (D:8)
  5 yaks (D:8)
  Edmund (D:4)
  An acid dragon (D:8)
  2 water moccasins (D:7)
  2 orc warriors (D:8)
  An ice beast (D:6)
  3 sky beasts
  A black bear (D:5)
  An ogre (D:6)
  A phantom (D:7)
  Blork the orc (D:5)
  A kobold brigand (D:8)
  4 bullfrogs
  A gnoll sergeant (D:8)
  3 wights (D:8)
  2 scorpions (D:6)
  6 killer bees (D:7)
  4 howler monkeys
  A hound (D:5)
  3 jellies
  A gnoll shaman (D:5)
  7 orc priests
  9 orc wizards
  2 iguanas (D:6)
  6 gnolls
  5 adders
  A shadow imp (D:4)
  3 white imps
  An ufetubus (D:5)
  4 worms
  A dart slug (D:3)
  30 orcs
  7 endoplasms
  2 giant cockroaches
  6 goblins
  8 hobgoblins
  8 kobolds
  2 quokkas
  5 ball pythons
  4 bats (D:1)
  4 frilled lizards
  7 rats
172 creatures vanquished.

Notes
Turn   | Place    | Note
-------+----------+-------------------------------------------
     0 | D:1      | sammy202020 the Gargoyle Berserker began the quest for the
                  | Orb.
     0 | D:1      | Reached XP level 1. HP: 14/14 MP: 1/1
    44 | D:1      | Found Somongoo's Assorted Antiques.
    58 | D:1      | Found Pihepted's Magic Scroll Boutique.
   114 | D:1      | Reached XP level 2. HP: 19/19 MP: 2/2
   124 | D:1      | Found Byetocuv's Book Shoppe.
   177 | D:1      | Found Omosuh Doow's Antique Armour Shoppe.
   340 | D:1      | Found Xoatag's Antique Weapon Emporium.
   943 | D:2      | Found Zyz Ytocvuz's Distillery.
   964 | D:2      | Reached XP level 3. HP: 17/24 MP: 3/3
  1131 | D:2      | Reached skill level 4 in Fighting
  1131 | D:2      | Reached XP level 4. HP: 20/29 MP: 4/4
  1261 | D:2      | Reached ** piety under Trog
  1624 | D:2      | Found a faded altar of an unknown god.
  1915 | D:1      | Bought a buckler for 103 gold pieces
  2054 | D:3      | Found Jyed's Assorted Antiques.
  2075 | D:3      | Reached XP level 5. HP: 22/34 MP: 5/5
  2167 | D:3      | Reached skill level 5 in Fighting
  2167 | D:3      | Reached skill level 1 in Shields
  2384 | D:3      | Reached XP level 6. HP: 40/40 MP: 6/6
  2697 | D:4      | Reached *** piety under Trog
  2793 | D:4      | Noticed Edmund
  2805 | D:4      | Killed Edmund
  2910 | D:4      | Noticed Pikel
  2922 | D:4      | Killed Pikel
  2923 | D:4      | Reached skill level 6 in Fighting
  2923 | D:4      | Reached skill level 5 in Maces & Flails
  2923 | D:4      | Reached XP level 7. HP: 47/47 MP: 7/7
  3155 | D:4      | Reached XP level 8. HP: 25/52 MP: 8/8
  3254 | D:4      | Found a blossoming altar of Fedhas.
  3797 | D:2      | Bought a potion of mutation for 104 gold pieces
  3855 | D:5      | Entered Level 5 of the Dungeon
  3997 | D:5      | Found a bloodstained altar of Trog.
  4348 | D:5      | Reached skill level 7 in Fighting
  4349 | D:5      | Noticed Blork the orc
  4369 | D:5      | Killed Blork the orc
  4697 | D:6      | Found a staircase to the Ecumenical Temple.
  4711 | D:6      | Found a hazy altar of Hepliaklqana.
  4729 | D:6      | Reached skill level 5 in Armour
  4779 | D:6      | Reached **** piety under Trog
  4848 | D:6      | Found a glowing silver altar of Zin.
  5003 | D:6      | Found a shadowy altar of Dithmenos.
  5048 | D:6      | Reached XP level 9. HP: 51/59 MP: 9/9
  5362 | D:6      | Reached skill level 8 in Fighting
  5864 | D:7      | Reached skill level 5 in Shields
  5976 | D:7      | Identified the ring "Fymousim" {Fire Will++ Str+7 Slay+2}
  6143 | D:7      | Reached skill level 9 in Fighting
  6310 | D:8      | HP: 1/90 [wight/+4 great sword (14)]
  6318 | D:8      | HP: 4/90 [orc wizard/+0 dagger (3)]
  6385 | D:8      | Noticed Psyche
  6396 | D:8      | Killed Psyche
  6397 | D:8      | Reached XP level 10. HP: 50/66 MP: 10/10
  6457 | D:8      | Noticed a two-headed ogre
  6472 | D:8      | Killed a two-headed ogre
  6473 | D:8      | Reached skill level 10 in Fighting
  6565 | D:8      | Found a snail-covered altar of Cheibriados.
  6575 | D:8      | Noticed Maggie
  6586 | D:8      | Killed Maggie
  6661 | D:8      | Noticed Maurice
  6699 | D:8      | Killed from afar by Maurice

Illustrated notes

Levels and vault maps discovered:
D:1:      lightli_arrival_maybe_door_vault, layout_rooms, serial_shops, shop,
          shop, nicolae_shop_stone, shop_fountains, nicolae_shop_waterfront
D:2:      layout_loops_cross, serial_shops, shop, ebering_ecumenical_altar_box,
          eino_tiny_chamber, minmay_tetromino_s2
D:3:      layout_basic, serial_shops, nicolae_diamond_shop, minivault_23
D:4:      layout_basic, general_overflow_altar, hangedman_abyss_or_decor_passed,
          uniq_edmund, uniq_pikel
D:5:      layout_basic, mainiacjoe_overflow_small_starburst,
          minmay_starry_boxes, uniq_blork_the_orc
D:6:      layout_basic, zin_statuary, mainiacjoe_overflow_chevrons,
          nicolae_dithmenos_shadow_blocks, minmay_temple_entry_overgrown
D:7:      layout_gridville, dk_vineyard_3, minmay_misc_feat_iff,
          minmay_misc_feat_rows, hangedman_abyss_or_decor_stabs
D:8:      layout_cave_pools, kennysheep_little_box, uniq_maggie, uniq_maurice,
          uniq_psyche

Skill      XL: |  1  2  3  4  5  6  7  8  9 10 |
---------------+-------------------------------+-----
Fighting       | 4 5 6 7 9 10 | 10.6
Maces & Flails | 4 5 7 8 9 |  9.8
Armour         | 3 4 5 6 7 |  7.4
Shields        | 1 3 4 5 6 |  6.6
Dodging        | |  1.5

Action                   |  1- 3 |  4- 6 |  7- 9 | 10-12 || total
-------------------------+-------+-------+-------+-------++-------
Melee: Mace              |    88 |    57 |       |       ||   145
       Punch             |       |     1 |       |       ||     1
       Flail             |       |    96 |   361 |    52 ||   509
       Morningstar       |       |       |       |    33 ||    33
Invok: Berserk           |     1 |     3 |     5 |     2 ||    11
       Trog's Hand       |       |     1 |     1 |     1 ||     3
  Use: Scroll            |     6 |     4 |    11 |       ||    21
       Potion            |       |       |     2 |       ||     2
Armor: Animal skin       |    44 |       |       |       ||    44
       Ring mail         |    10 |    30 |       |       ||    40
       Plate armour      |       |    38 |   297 |    60 ||   395
Dodge: Dodged            |    70 |    76 |   127 |    44 ||   317
Block: Buckler           |       |    22 |    77 |    25 ||   124

Table legend: (Time is in decaauts)
 A = Elapsed time spent in this place.
 B = Non-inter-level travel time spent in this place.
 C = Inter-level travel time spent in this place.
 D = Time resting spent in this place.
 E = Time spent auto-exploring this place.
 F = Levels seen in this place.
 G = Mean time per level.
                   A        B        C        D        E       F      G
               +--------+--------+--------+--------+--------+-----+--------+
         Total |   6857 |   6465 |    392 |    266 |   4636 |   8 |  857.1 |
       Dungeon |   6857 |   6465 |    392 |    266 |   4636 |   8 |  857.1 |
               +--------+--------+--------+--------+--------+-----+--------+

Top non-repeatable levels by time:
     D:4: 1125 daAuts
     D:6: 1084 daAuts
     D:1: 992 daAuts
     D:2: 927 daAuts
     D:3: 917 daAuts
     D:5: 858 daAuts
     D:8: 478 daAuts
     D:7: 473 daAuts
